 Dungeon Crawl Stone Soup version 0.31-a0-986-g5e6e4ef867 (webtiles) character file.

Game seed: 13126910999668192020

200 wildpjah the Slasher (level 5, -3/30 HPs)
             Began as a Tengu Reaver on Nov 20, 2023.
             Slain by a phantom (5 damage)
             ... on level 3 of the Dungeon.
             The game lasted 00:02:46 (2242 turns).

wildpjah the Slasher (Tengu Reaver)                 Turns: 2242, Time: 00:02:46

Health: -3/30      AC:  3    Str: 12    XL:     5   Next: 79%
Magic:  9/9        EV: 12    Int: 14    God:
Gold:   128        SH:  0    Dex: 14    Spells: 7/8 levels left

rFire   . . .        n - +1 short sword (venom)
rCold   . . .        (no shield)
rNeg    . . .        b - +0 leather armour
rPois   .            (helmet restricted)
rElec   .            (no cloak)
rCorr   .            (no gloves)
SInv    .            (boots unavailable)
Will    .....        (no amulet)
Stlth   +            (no ring)
HPRegen 0.25/turn    (no ring)
MPRegen 0.11/turn

%: acrobat
@: no status effects
A: beak, talons 3, acrobatic
a: no special abilities


You were on level 3 of the Dungeon.
You visited 1 branch of the dungeon, and saw 3 of its levels.

You collected 128 gold pieces.

Inventory:

Hand Weapons
 a - a +0 falchion
 n - a +1 short sword of venom (weapon)
Missiles
 l - a throwing net (quivered)
Armour
 b - a +0 leather armour (worn)
 m - the +1 robe of Raur {rCorr Int+5 Dex-2}
   (You found it on level 2 of the Dungeon)

   Int+5:     It affects your intelligence (+5).
   Dex-2:     It affects your dexterity (-2).
   rCorr:     It protects you from acid and corrosion.
Scrolls
 d - 3 scrolls of amnesia {unknown}
 f - a scroll of identify {unknown}
 h - a scroll of blinking {unknown}
 i - a scroll of enchant weapon {unknown}
 o - a scroll of teleportation {unknown}
 p - a scroll of noise {unknown}
Potions
 c - a potion of haste
 e - a potion of lignification {unknown}
 g - a potion of enlightenment {unknown}
 j - 2 potions of curing
 k - 2 potions of brilliance {unknown}


   Skills:
 + Level 2.2 Fighting
 + Level 1.9(3.6) Short Blades
 + Level 4.9(5.1) Long Blades
 + Level 2.8 Armour
 + Level 2.8 Dodging
 + Level 0.1 Stealth
 + Level 2.0 Spellcasting
 + Level 4.4 Conjurations


You had 7 spell levels left.
You knew the following spells:

 Your Spells              Type           Power      Damage    Failure   Level
a - Kiss of Death         Conj/Necr      28%        2d7       12%         1

Your spell library contained the following spells:

 Spells                   Type           Power      Damage    Failure   Level
 Momentum Strike          Conj/Tloc      14%        3d8       19%         2
 Hailstorm                Conj/Ice       7%         3d4       36%         3
 Tukima's Dance           Hex            1%         N/A       65%         3
 Passage of Golubria      Tloc           1%         N/A       96%         4
 Yara's Violent Unravell  Hex/Tmut       0%         3d3       100%        5


Dungeon Overview and Level Annotations

Branches:
Dungeon (3/15)

Altars:


Innate Abilities, Weirdness & Mutations

You have a beak for a mouth.
You have claws for feet.
You can magically evade attacks while moving or waiting.


Message History

The phantom is moderately damaged.
The worm misses you. The phantom barely misses you.
The goblin unwields a +0 sling.
The goblin wields a +0 dagger.
The goblin hits you with a +0 dagger.
You hit the phantom. You claw the phantom. Your peck misses the phantom.
The phantom is severely damaged.
The phantom hits you.
* * * LOW HITPOINT WARNING * * *
The phantom blinks!
You blink.
You barely miss the phantom. You claw the phantom, but do no damage.
Your peck misses the phantom.
The phantom is severely damaged.
The goblin unwields a +0 dagger.
The goblin wields a +0 sling.
The goblin shoots a sling bullet.
The sling bullet misses you.
You hit the phantom but do no damage. Your peck misses the phantom.
The phantom is severely damaged.
The phantom misses you.
You hit the phantom. Your kick misses the phantom. You peck the phantom.
The phantom is almost destroyed.
The phantom hits you but does no damage.
You completely miss the phantom. You claw the phantom, but do no damage.
You peck the phantom, but do no damage.
The phantom is almost destroyed.
The phantom hits you!
* * * LOW HITPOINT WARNING * * *
You barely miss the phantom.
The phantom is almost destroyed.
The phantom barely misses you. The worm closely misses you.
You closely miss the phantom.
The phantom is almost destroyed.
The phantom hits you but does no damage.
You closely miss the phantom.
The phantom is almost destroyed.
The worm bites you.
* * * LOW HITPOINT WARNING * * *
You hit the phantom but do no damage. Your kick misses the phantom.
Your peck misses the phantom.
The phantom is almost destroyed.
The phantom hits you.
You die...

## ###.....# #. # #.
.#####)######. ..#####
.#.#.....)))....
+..?..'
#..#.###.####### #.#...
#.##.#........#
#....)###....#...####.#
...#...#o..#...#####
........W#...#.....
..###..gw@###..####
#####.....## #######


You could see a phantom, a worm, an orc and a goblin.

Vanquished Creatures
  2 orc priests (D:3)
  Terence (D:3)
  An orc wizard (D:3)
  A gnoll (D:1)
  An adder (D:3)
  3 dart slugs
  12 orcs (D:3)
  3 ball pythons
  5 bats
  3 endoplasms
  4 goblins
  5 hobgoblins
  3 kobolds
  5 quokkas
  8 frilled lizards
  5 rats
62 creatures vanquished.

Notes
Turn   | Place    | Note
-------+----------+-------------------------------------------
     0 | D:1      | wildpjah the Tengu Reaver began the quest for the Orb.
     0 | D:1      | Reached XP level 1. HP: 12/12 MP: 4/4
    71 | D:1      | Reached XP level 2. HP: 11/17 MP: 6/6
   336 | D:1      | Reached XP level 3. HP: 13/21 MP: 7/7
   834 | D:1      | Found a faded altar of an unknown god.
  1324 | D:2      | Reached skill level 1 in Armour
  1344 | D:2      | Identified the +1 robe of Raur {rCorr Int+5 Dex-2}
  1680 | D:3      | Noticed Terence
  1691 | D:3      | Killed Terence
  1692 | D:3      | Reached XP level 4. HP: 26/26 MP: 8/8
  1954 | D:3      | Reached XP level 5. HP: 26/30 MP: 9/9
  2176 | D:3      | Reached skill level 1 in Short Blades
  2219 | D:3      | Noticed a phantom
  2242 | D:3      | Slain by a phantom

Illustrated notes

Levels and vault maps discovered:
D:1:      minmay_arrival_doors, layout_loops_ring,
          chequers_ecumenical_altar_grove, grunt_decor_junction, minmay_cut_off
D:2:      layout_basic
D:3:      layout_basic, skrybe_limestone_x, minmay_fractal_squares_diagonal_5,
          uniq_terence

Skill      XL: |  1  2  3  4  5 |
---------------+----------------+-----
Long Blades    | 4 |  4.9
Armour         | 1 2 |  2.8
Short Blades   | 1 |  1.9
Fighting       | |  2.2
Dodging        | |  2.8
Stealth        | |  0.1
Spellcasting   | |  2.0
Conjurations   | |  4.4

Action                     |  1- 3 |  4- 6 || total
---------------------------+-------+-------++-------
  Melee: Falchion          |    75 |       ||    75
         Kick              |    18 |    31 ||    49
         Peck              |     6 |    15 ||    21
         Short sword       |     4 |    85 ||    89
         Punch             |     1 |     1 ||     2
  Throw: Throwing net      |     1 |       ||     1
    Use: Potion            |     2 |       ||     2
   Stab: Held in net/web   |     2 |       ||     2
         Sleeping          |     1 |       ||     1
 Armour: Leather armour    |    32 |    47 ||    79
  Dodge: Dodged            |    49 |    41 ||    90

Table legend: (Time is in decaauts)
 A = Elapsed time spent in this place.
 B = Non-inter-level travel time spent in this place.
 C = Inter-level travel time spent in this place.
 D = Time resting spent in this place.
 E = Time spent auto-exploring this place.
 F = Levels seen in this place.
 G = Mean time per level.
                   A        B        C        D        E       F      G
               +--------+--------+--------+--------+--------+-----+--------+
         Total |   2215 |   2112 |    103 |      0 |   1759 |   3 |  738.3 |
       Dungeon |   2215 |   2112 |    103 |      0 |   1759 |   3 |  738.3 |
               +--------+--------+--------+--------+--------+-----+--------+

Top non-repeatable levels by time:
     D:1: 857 daAuts
     D:2: 748 daAuts
     D:3: 609 daAuts
